 Dungeon Crawl Stone Soup version 0.31.0-9-g3a7656b989 (webtiles) character file.

Game seed: 16340763808549023944

3696 qw the Nimble (level 9, 0/45 HPs)
             Began as a Spriggan Hunter on Feb 2, 2024.
             Was a Follower of Okawaru.
             Slain by a swamp worm (17 damage)
             ... on level 8 of the Dungeon.
             The game lasted 00:00:36 (7831 turns).

qw the Nimble (Spriggan Hunter)                     Turns: 7831, Time: 00:00:37

Health: 0/45       AC:  5    Str:  7    XL:     9   Next: 90%
Magic:  11/11      EV: 28    Int: 10    God:    Okawaru [*.....]
Gold:   258        SH:  0    Dex: 23    Spells: 8/8 levels left

rFire   + + .        o - +0 orcbow
rCold   + + .        (shield currently unavailable)
rNeg    . . .        g - +2 robe {rC+ rF+}
rPois   .            b - +1 hat of the Sixty-Six Knives {rF+ Will+}
rElec   .            (no cloak)
rCorr   .            (gloves unavailable)
SInv    +            (boots unavailable)
Will    ++...        f - amulet of the acrobat
Stlth   +            j - ring of protection from cold
HPRegen 0.27/turn    (no ring)
MPRegen 0.12/turn

%: acrobat
@: slow
A: very small, no large weapons, unfitting armour, see invisible, speed 3
a: Renounce Religion, Heroism


You were on level 8 of the Dungeon.
You worshipped Okawaru.
Okawaru was aware of your devotion.
You visited 2 branches of the dungeon, and saw 9 of its levels.
You also visited: Sewer.

You collected 432 gold pieces.
You spent 174 gold pieces at shops.


Innate Abilities, Weirdness & Mutations

You are very small and have problems with some larger weapons.
You are too small for most types of armour.
You have supernaturally acute eyesight. (SInv)
You cover ground extremely quickly. (Speed+++)


   Skills:
 - Level 4.0 Fighting
 - Level 11.0 Ranged Weapons
 + Level 11.4 Dodging
 - Level 1.5 Stealth
 + Level 2.2 Invocations


You had 8 spell levels left.
You didn't know any spells.
Your spell library was empty.

Inventory:

Hand Weapons
 o - a +0 orcbow (weapon)
Armour
 b - the +1 hat of the Sixty-Six Knives (worn) {rF+ Will+}
   (You acquired it on level 2 of the Dungeon)

   rF+:       It protects you from fire.
   Will+:     It increases your willpower.
 g - a +2 robe of resistance (worn)
Jewellery
 f - an amulet of the acrobat (around neck)
 j - a ring of protection from cold (left hand)
 k - a ring of ice
Wands
 l - a wand of digging (5)
 p - a wand of roots (6)
Scrolls
 i - a scroll of enchant armour
 m - a scroll of torment {unknown}
 n - 2 scrolls of teleportation
Potions
 a - 2 potions of brilliance {unknown}
 c - 3 potions of heal wounds
 d - a potion of resistance
 e - a potion of enlightenment
 h - 3 potions of curing

Dungeon Overview and Level Annotations

Branches:
Dungeon (8/15)             Temple (1/1) D:7           Sewer (visited)
   Lair: D:8-11

Altars:
Ashenzari
Cheibriados
Dithmenos
Elyvilon
Fedhas
Gozag
Hepliaklqana
Kikubaaqudgha
Makhleb
Nemelex Xobeh
Okawaru
Qazlal
Ru
Sif Muna
Trog
Uskayaw
Vehumet
Wu Jian
Xom
Yredelemnul
The Shining One

Shops:
D:4 [?[(*

Annotations:
D:6 1 runed translucent door, qw's ghost, novice DjHu


Message History

You shoot an arrow. The arrow hits the swamp worm.
The swamp worm is lightly wounded.
A nearby plant withers and dies.
The swamp worm closely misses you.
You shoot an arrow.
The arrow closely misses the swamp worm.
The swamp worm barely misses you.
You shoot an arrow. The arrow hits the swamp worm.
The swamp worm is lightly wounded.
You shoot an arrow. The arrow misses the swamp worm.
The swamp worm completely misses you. x3
You shoot an arrow. The arrow barely misses the swamp worm.
The swamp worm bites you. The swamp worm misses you.
You shoot an arrow.
The arrow closely misses the swamp worm.
The swamp worm bites you but does no damage.
The swamp worm completely misses you.
You shoot an arrow.
The arrow closely misses the swamp worm.
The swamp worm completely misses you. The swamp worm misses you.
The swamp worm completely misses you.
You shoot an arrow. The arrow barely misses the swamp worm.
The swamp worm bites you! The swamp worm completely misses you.
You shoot an arrow.
The arrow hits the swamp worm but does no damage.
The swamp worm is lightly wounded.
The swamp worm bites you but does no damage.
The swamp worm completely misses you.
You shoot an arrow. The arrow hits the swamp worm.
The swamp worm is lightly wounded.
The swamp worm completely misses you. x2
You shoot an arrow.
The arrow closely misses the swamp worm.
The swamp worm closely misses you. The swamp worm misses you.
You shoot an arrow. The arrow barely misses the swamp worm.
The swamp worm completely misses you. The swamp worm bites you.
The swamp worm bites you!
You shoot an arrow. The arrow hits the swamp worm!
The swamp worm is heavily wounded.
The swamp worm closely misses you. The swamp worm bites you!
You die...

##### ~~~~~# ~~~~~~###
#~~~~## #~~~## ~~~#@~~.##
~~~~|~ww~~..# ### ~
#~~~~~#~~~..#### ##.##
#~~~###~###~~~.....# #.#..
.~~~~###~~~~##...>######.##
...~~~~~~~###............##
#...~~~~~..................
#.######.####.......#######
#.######.####.....###


You could see 2 swamp worms.

Vanquished Creatures
  4 yaks (D:8)
  3 steam dragons
  An orc warrior (D:7)
  An ice beast (D:5)
  3 ogres
  2 phantoms (D:4)
  2 centaurs
  2 kobold brigands
  3 bullfrogs
  3 scorpions
  9 wights
  3 bombardier beetles
  4 hounds
  3 jellies
  3 orc priests
  3 iguanas
  Ijyb (D:5)
  2 sleepcaps
  4 orc wizards (D:3)
  4 gnolls (D:5)
  9 adders
  5 shadow imps
  3 ribbon worms
  8 dart slugs
  22 orcs
  5 bats
  11 endoplasms
  15 giant cockroaches
  8 goblins
  9 hobgoblins
  4 jackals
  8 quokkas
  15 ball pythons
  15 frilled lizards
  15 kobolds
  7 rats
219 creatures vanquished.

Notes
Turn   | Place    | Note
-------+----------+-------------------------------------------
     0 | D:1      | qw the Spriggan Hunter began the quest for the Orb.
     0 | D:1      | Reached XP level 1. HP: 10/10 MP: 2/2
     0 | D:1      | 0 ||| qw: Version: 0.3-a-155-g5e7d8dd
     0 | D:1      | 0 ||| qw: Game counter: 1546
     0 | D:1      | 0 ||| qw: Melee chars always use a shield: true
     0 | D:1      | 0 ||| qw: God list: Okawaru
     0 | D:1      | 0 ||| qw: Allow faded altars: false
     0 | D:1      | 0 ||| qw: Do Orc after clearing Dungeon:15 true
     0 | D:1      | 0 ||| qw: Do second Lair branch before Depths: true
     0 | D:1      | 0 ||| qw: Lair rune preference: random
     0 | D:1      | 0 ||| qw: Goals: Normal
     0 | D:1      | 0 ||| PLANNING D:1-11
    61 | D:1      | Reached skill level 3 in Dodging
   361 | D:1      | Found a faded altar of an unknown god.
   453 | D:1      | Reached XP level 2. HP: 14/14 MP: 3/3
  1026 | D:1      | 1026 ||| READING scroll labelled BASCHU HEIWIUS.
  1027 | D:1      | 1027 ||| READING scroll labelled DEIGOSUTAP.
  1027 | D:1      | 1027 ||| ENCHANTING +0 shortbow.
  1028 | D:1      | 1028 ||| READING scroll labelled IPRIRO EMOURI.
  1129 | D:1      | 1129 ||| DRINKING 2 bubbling white potions.
  1130 | D:1      | 1130 ||| DRINKING 2 coppery potions.
  1131 | D:1      | 1131 ||| DROPPING scroll of butterflies.
  1132 | D:1      | 1132 ||| DROPPING potion of attraction.
  1133 | D:1      | 1133 ||| DROPPING potion of magic.
  1255 | D:2      | Found a burning altar of Makhleb.
  1312 | D:2      | Reached XP level 3. HP: 18/18 MP: 4/4
  1466 | D:2      | 1466 ||| FLEEEEING.
  1468 | D:2      | 1468 ||| FLEEEEING.
  1476 | D:2      | Identified the +3 buckler "Rupemp" {Harm *Corrode rElec
                  | Will+}
  1543 | D:2      | 1543 ||| UPGRADING to +0 robe of resistance.
  1545 | D:2      | 1545 ||| UPGRADING to +0 robe of resistance.
  1547 | D:2      | 1547 ||| UPGRADING to +0 robe of resistance.
  1553 | D:2      | 1553 ||| UPGRADING to +0 robe.
  1559 | D:2      | 1559 ||| UPGRADING to +0 robe of resistance.
  1569 | D:2      | 1569 ||| DROPPING +0 robe.
  2050 | D:2      | Reached XP level 4. HP: 22/22 MP: 5/5
  2255 | D:2      | 2255 ||| UPGRADING to amulet of the acrobat.
  2260 | D:2      | 2260 ||| READING 2 scrolls labelled ETOUC ROKICO.
  2260 | D:2      | 2260 ||| IDENTIFYING smoky inky potion
  2261 | D:2      | 2261 ||| READING scroll of identify.
  2261 | D:2      | 2261 ||| IDENTIFYING dark potion
  2262 | D:2      | 2262 ||| READING scroll labelled KUSINE SYZXUOPN.
  2262 | D:2      | Identified a scroll of acquirement
  2262 | D:2      | 2262 ||| ACQUIRING +1 hat of the Sixty-Six Knives {rF+
                  | Will+}
  2262 | D:2      | Acquired the +1 hat of the Sixty-Six Knives {rF+ Will+}
  2264 | D:2      | 2264 ||| UPGRADING to +1 hat of the Sixty-Six Knives {rF+
                  | Will+}.
  2269 | D:2      | 2269 ||| READING scroll labelled ZUAPTE SOSEGG.
  2269 | D:2      | 2269 ||| ENCHANTING +0 robe of resistance.
  2270 | D:2      | 2270 ||| READING scroll labelled ODEROP GAKI.
  2271 | D:2      | 2271 ||| DROPPING potion of ambrosia.
  2531 | D:3      | Reached XP level 5. HP: 20/26 MP: 6/6
  3277 | D:3      | 3277 ||| READING scroll of identify.
  3277 | D:3      | 3277 ||| IDENTIFYING amethyst potion
  3278 | D:3      | 3278 ||| READING scroll labelled UNACUW OSTEXIT.
  3280 | D:3      | 3280 ||| Stepping ~*~*~tactically~*~*~ (cloud).
  3288 | D:3      | HP: 6/26 [poisoned by you (poison gas)]
  3432 | D:4      | Found Judghueh's Antique Weapon Shoppe.
  3432 | D:4      | Found Opecy's Magic Scroll Shop.
  3433 | D:4      | 3433 ||| STAIRDANCE
  3450 | D:4      | Reached skill level 6 in Ranged Weapons
  3473 | D:4      | 3473 ||| BUYING 2 scrolls of identify (48 gold).
  3473 | D:4      | Bought 2 scrolls of identify for 48 gold pieces
  3473 | D:4      | 3473 ||| BUYING scroll of enchant armour (90 gold).
  3473 | D:4      | Bought a scroll of enchant armour for 90 gold pieces
  3473 | D:4      | 3473 ||| SHOPLISTING scroll of enchant armour (90 gold,
                  | have 50).
  3473 | D:4      | 3473 ||| SHOPLISTING scroll of enchant weapon (90 gold,
                  | have 50).
  3473 | D:4      | 3473 ||| BUYING scroll of teleportation (36 gold).
  3473 | D:4      | Bought a scroll of teleportation for 36 gold pieces
  3473 | D:4      | 3473 ||| READING scroll of enchant armour.
  3473 | D:4      | 3473 ||| ENCHANTING +1 robe of resistance.
  3479 | D:4      | Noticed a phantom
  3492 | D:4      | Killed a phantom
  3493 | D:4      | Reached XP level 6. HP: 22/30 MP: 7/7
  3542 | D:4      | Found Ea-nāṣir's Fine Metal Goods.
  3659 | D:4      | Reached skill level 6 in Dodging
  3685 | D:4      | Found Ynnia's Armour Emporium.
  3746 | D:4      | 3746 ||| SHOPLISTING +0 cloak (45 gold, have 14).
  3787 | D:4      | Reached XP level 7. HP: 35/35 MP: 8/8
  3843 | D:4      | Found a basalt altar of Yredelemnul.
  3897 | D:4      | Found Emuurchi's Antique Armour Emporium.
  3913 | D:4      | 3913 ||| READING 4 scrolls of identify.
  3913 | D:4      | 3913 ||| IDENTIFYING white potion
  4013 | D:4      | Found an opulent altar of Gozag.
  4077 | D:4      | Found a white marble altar of Elyvilon.
  4217 | D:4      | 4217 ||| READING 3 scrolls of identify.
  4217 | D:4      | 4217 ||| IDENTIFYING viscous blue potion
  4218 | D:4      | 4218 ||| READING 2 scrolls of identify.
  4218 | D:4      | 4218 ||| IDENTIFYING fizzy amethyst potion
  4219 | D:4      | 4219 ||| READING scroll of identify.
  4219 | D:4      | 4219 ||| IDENTIFYING 2 fuming amethyst potions
  4220 | D:4      | 4220 ||| READING scroll labelled HUTUZA ASTE.
  4221 | D:4      | 4221 ||| READING scroll labelled QAWNA QUESHRAMP.
  4222 | D:4      | 4222 ||| DROPPING potion of lignification.
  4223 | D:4      | 4223 ||| DROPPING potion of degeneration.
  4248 | D:5      | Entered Level 5 of the Dungeon
  4249 | D:5      | 4249 ||| PLANNING SEWER
  4518 | D:5      | Reached XP level 8. HP: 39/39 MP: 9/9
  4525 | D:5      | Noticed Ijyb
  4541 | D:5      | Killed Ijyb
  4776 | D:5      | Found a glowing drain.
  4778 | D:5      | 4778 ||| READING scroll of identify.
  4778 | D:5      | 4778 ||| IDENTIFYING scroll labelled JOINAA FISI
  4779 | D:5      | 4779 ||| DROPPING scroll of blinking.
  4791 | Sewer    | Entered a sewer
  4814 | Sewer    | Reached skill level 3 in Fighting
  5085 | D:5      | 5085 ||| PLANNING D:1-11
  5244 | D:5      | Found a glowing golden altar of the Shining One.
  5244 | D:5      | Found a shimmering blue altar of Sif Muna.
  5556 | D:6      | Reached skill level 9 in Ranged Weapons
  5767 | D:6      | Reached skill level 9 in Dodging
  5769 | D:6      | 5769 ||| RETREEEEATING.
  5853 | D:6      | Found a runed translucent door.
  5859 | D:6      | Noticed qw's ghost (novice DjHu)
  5904 | D:6      | HP: 7/40 [orc priest/divine providence (13)]
  5905 | D:6      | 5905 ||| READING 2 scrolls of teleportation.
  5906 | D:6      | 5906 ||| DRINKING 4 potions of heal wounds.
  6085 | D:6      | 6085 ||| READING scroll of identify.
  6085 | D:6      | 6085 ||| IDENTIFYING scroll labelled MOFOARUWOA
  6086 | D:6      | 6086 ||| DROPPING scroll of noise.
  6116 | D:7      | 6116 ||| STAIRDANCE
  6120 | D:7      | 6120 ||| STAIRDANCE
  6135 | D:7      | Reached XP level 9. HP: 44/44 MP: 10/10
  6303 | D:7      | 6303 ||| SWAPPING to +0 orcbow.
  6304 | D:7      | 6304 ||| DROPPING +1 shortbow.
  6425 | D:7      | Found a flagged portal.
  6490 | D:7      | 6490 ||| RETREEEEATING.
  6491 | D:7      | 6491 ||| RETREEEEATING.
  6492 | D:7      | 6492 ||| RETREEEEATING.
  6493 | D:7      | 6493 ||| RETREEEEATING.
  6494 | D:7      | 6494 ||| DRINKING potion of haste.
  6575 | D:7      | Found a sacrificial altar of Ru.
  6924 | D:7      | 6924 ||| FLEEEEING.
  6933 | D:7      | 6933 ||| FLEEEEING.
  6934 | D:7      | 6934 ||| FLEEEEING.
  6935 | D:7      | 6935 ||| FLEEEEING.
  6936 | D:7      | 6936 ||| FLEEEEING.
  6956 | D:7      | 6956 ||| FLEEEEING.
  6960 | D:7      | 6960 ||| FLEEEEING.
  6961 | D:7      | 6961 ||| FLEEEEING.
  6962 | D:7      | 6962 ||| FLEEEEING.
  7263 | D:7      | Found a staircase to the Ecumenical Temple.
  7264 | D:7      | 7264 ||| PLANNING TEMPLE
  7264 | D:7      | 7264 ||| UPGRADING to ring of protection from cold.
  7265 | D:7      | 7265 ||| READING scroll of identify.
  7265 | D:7      | 7265 ||| IDENTIFYING fuming silvery potion
  7266 | D:7      | 7266 ||| DROPPING wand of flame (30).
  7272 | Temple   | Entered the Ecumenical Temple
  7273 | Temple   | 7273 ||| PLANNING OKAWARU WORSHIP
  7281 | Temple   | Became a worshipper of Warmaster Okawaru
  7282 | Temple   | 7282 ||| PLANNING D:1-11
  7459 | D:8      | 7459 ||| FLEEEEING.
  7460 | D:8      | 7460 ||| FLEEEEING.
  7461 | D:8      | 7461 ||| FLEEEEING.
  7462 | D:8      | 7462 ||| FLEEEEING.
  7463 | D:8      | 7463 ||| FLEEEEING.
  7467 | D:8      | 7467 ||| FLEEEEING.
  7468 | D:8      | 7468 ||| FLEEEEING.
  7469 | D:8      | 7469 ||| FLEEEEING.
  7470 | D:8      | 7470 ||| FLEEEEING.
  7471 | D:8      | 7471 ||| FLEEEEING.
  7472 | D:8      | 7472 ||| FLEEEEING.
  7473 | D:8      | 7473 ||| FLEEEEING.
  7474 | D:8      | 7474 ||| FLEEEEING.
  7475 | D:8      | 7475 ||| FLEEEEING.
  7476 | D:8      | 7476 ||| FLEEEEING.
  7478 | D:8      | 7478 ||| FLEEEEING.
  7573 | D:8      | Reached * piety under Okawaru
  7578 | D:8      | Reached skill level 1 in Invocations
  7831 | D:8      | Slain by a swamp worm

Levels and vault maps discovered:
D:1:      pf_arrival_petrified_forest, layout_basic,
          hellmonk_ecumenical_altar_crossroads
D:2:      layout_basic, basic_altar, serial_co_window_serial,
          co_window_corner_a, co_window_paths_a, co_window_corner_a,
          co_window_paths_a, co_window_corner_a, co_window_corner_a,
          co_window_paths_a, co_window_corner_cb, co_window_unsneaky_path_a,
          co_window_paths_c, co_window_2corner, co_window_corner_b,
          glass_columns_b, glass_columns_b, minmay_tetromino_i4
D:3:      layout_basic, minmay_ruptured
D:4:      layout_layer_cave, kennysheep_ying_yang, mainiacjoe_overflow_chevrons,
          serial_shops, nicolae_shop_scrapyard, shop, shop, shop,
          nicolae_ea-nasir_strikes_again, grunt_decor_one_mirror
D:5:      layout_loops_cross, gammafunk_temple_overflow_elements,
          gup_sewer_entry_pipe, kennysheep_flooded_box, uniq_ijyb
D:6:      layout_loops_ring, gammafunk_ghost_grave
D:7:      layout_basic, nicolae_ru_sacrificial_ziggurat,
          minmay_temple_entry_fiery, enter_bailey_4
D:8:      layout_loops_ring, zin_academy, minivault_4, worms_lemuel
Temple:   hellmonk_temple_of_storms

Skill      XL: |  1  2  3  4  5  6  7  8  9 |
---------------+----------------------------+-----
Dodging        | 3 4 5 6 8 9 11 | 11.4
Ranged Weapons | 5 6 7 8 10 11 | 11.0
Fighting       | 2 3 4 |  4.0
Invocations    | 2 |  2.2
Stealth        | |  1.5

Action                     |  1- 3 |  4- 6 |  7- 9 || total
---------------------------+-------+-------+-------++-------
   Fire: Shortbow          |   115 |   108 |   364 ||   587
         Orcbow            |       |       |   180 ||   180
    Use: Scroll            |     3 |     8 |    10 ||    21
         Potion            |     2 |       |     2 ||     4
 Armour: Robe              |    13 |    16 |    55 ||    84
  Dodge: Dodged            |    49 |    32 |   242 ||   323

Table legend:
 A = Non-vault XP
 B = Vault XP
 C = Vault XP percentage of total XP
 D = Non-vault monster count
 E = Vault monster count
 F = Vault count percentage of total count
                 A         B        C        D         E       F
            +---------+---------+-------+---------+---------+-------
      Total |    4864 |     417 |   7.9 |     151 |      68 |  31.1
            +---------+---------+-------+---------+---------+-------
        D:1 |      32 |       0 |   0.0 |      19 |       0 |   0.0
        D:2 |      56 |      11 |  16.4 |      29 |       3 |   9.4
        D:3 |     182 |      41 |  18.4 |      15 |       4 |  21.1
        D:4 |     746 |       0 |   0.0 |      14 |       0 |   0.0
        D:5 |     475 |      52 |   9.9 |      13 |       9 |  40.9
        D:6 |     886 |       0 |   0.0 |      25 |       0 |   0.0
        D:7 |    1012 |      14 |   1.4 |      20 |       5 |  20.0
        D:8 |    1475 |       0 |   0.0 |      16 |       0 |   0.0
      Sewer |       0 |     299 | 100.0 |       0 |      47 | 100.0
            +---------+---------+-------+---------+---------+-------
